 Dungeon Crawl Stone Soup version 0.30-a0-883-g5ad918d77d (webtiles) character file.

Game seed: 10658415729243201052

142 pokedragonboy the Grasshopper (level 5, -2/48 HPs)
             Began as a Naga Warper on Mar 16, 2023.
             Slain by Pikel
             ... wielding a +0 whip of freezing
              (6 damage)
             ... on level 3 of the Dungeon.
             The game lasted 00:09:20 (3052 turns).

pokedragonboy the Grasshopper (Naga Warper)         Turns: 3052, Time: 00:09:20

Health: -2/48      AC:  3    Str: 13    XL:     5   Next: 24%
Magic:  8/8        EV:  9    Int: 15    God:
Gold:   183        SH:  0    Dex: 11    Spells: 3/8 levels left

rFire   . . .      SeeInvis +    a - +0 spear
rCold   . . .      Faith    .    (no shield)
rNeg    . . .      Spirit   .    b - +0 leather armour
rPois   +          Reflect  .    (no helmet)
rElec   .          Rampage  .    (no cloak)
rCorr   .                        (no gloves)
Will    .....                    (no barding)
Stlth   +                        (no amulet)
HPRegen 0.28/turn                k - +4 ring of slaying
MPRegen 0.11/turn                (no ring)

@: hasted, quick
A: AC +1, large, see invisible, deformed body, poison resistance, slowness 2,
spit poison 1, naga tail 1
a: Spit Poison


You were on level 3 of the Dungeon.
You visited 1 branch of the dungeon, and saw 4 of its levels.

You collected 183 gold pieces.

Inventory:

Hand Weapons
 a - a +0 spear (weapon)
 m - a +0 rapier
Missiles
 d - 7 boomerangs of dispersal (quivered)
Armour
 b - a +0 leather armour (worn)
 n - a +0 plate armour
 o - a +0 ring mail
Jewellery
 k - a +4 ring of slaying (left hand)
Wands
 r - a wand of roots (9)
Scrolls
 c - 2 scrolls of blinking
 e - 5 scrolls of teleportation
 i - a scroll of torment {unknown}
 j - a scroll of enchant weapon {unknown}
 s - a scroll of noise {unknown}
Potions
 f - a potion of curing {unknown}
 g - a potion of lignification {unknown}
 l - a potion of brilliance {unknown}
 p - a potion of heal wounds {unknown}
 q - 2 potions of haste


   Skills:
 + Level 2.9 Fighting
 * Level 3.6 Polearms
 - Level 0.8 Throwing
 - Level 1.4 Armour
 + Level 1.9 Dodging
 - Level 2.0 Spellcasting
 + Level 3.6 Translocations


You had 3 spell levels left.
You knew the following spells:

 Your Spells              Type           Power      Damage    Failure   Level
b - Teleport Other        Tloc           12%        N/A       19%         3
m - Blink                 Tloc           24%        N/A       10%         2

Your spell library contained the following spells:

 Spells                   Type           Power      Damage    Failure   Level
 Lesser Beckoning         Tloc           24%        N/A       10%         2
 Vhi's Electric Charge    Tloc/Air       14%        N/A       36%         3
 Hailstorm                Conj/Ice       1%         3d3       63%         3
 Summon Guardian Golem    Hex/Summ       1%         N/A       63%         3
 Manifold Assault         Tloc           12%        N/A       52%         4
 Ice Form                 Ice/Tmut       1%         N/A       95%         4
 Simulacrum               Ice/Necr       0%         N/A       100%        6
 Orb of Destruction       Conj           0%         9d5       100%        7
 Spellforged Servitor     Conj/Summ      0%         N/A       100%        7


Dungeon Overview and Level Annotations

Branches:
Dungeon (4/15)
 Temple: D:4-7

Altars:
Vehumet

Shops:
D:2 ?   D:4 (

Annotations:
D:3 Pikel
D:4 1 transporter


Innate Abilities, Weirdness & Mutations

Your serpentine skin is tough. (AC +1)
You have supernaturally acute eyesight. (SInv)
Armour fits poorly on your strangely shaped body.
Your system is resistant to poisons. (rPois)
You cover ground very slowly.
You can spit poison.
You have a snake-like lower body.


Message History

Aiming: Spit Poison (1% risk of failure)
Press: ? - help, Shift-Dir - straight line, f/p - Pikel
Aim: Pikel, wielding a +0 whip of freezing and wearing a +0 robe (50% to hit)
The splash of poison hits Pikel but does no damage.
Pikel is poisoned.
Pikel says, "Hell isn't that bad."
Pikel looks more healthy.
You have got your breath back.
Aiming: Spit Poison (1% risk of failure)
Press: ? - help, Shift-Dir - straight line, f/p - Pikel
Aim: Pikel, wielding a +0 whip of freezing and wearing a +0 robe (lightly wounded, 50% to hit)
The splash of poison misses Pikel.
The lemure shouts! x2
Pikel hits you with a +0 whip of freezing.
Pikel freezes you.
You hit Pikel.
Pikel is moderately wounded.
Pikel hits you with a +0 whip of freezing.
Pikel freezes you.
You closely miss Pikel.
Pikel is moderately wounded.
Pikel hits you with a +0 whip of freezing!
Pikel freezes you.
You feel yourself speed up.
Pikel says, "You'll make a fine lemure."
Pikel hits you with a +0 whip of freezing.
* * * LOW HITPOINT WARNING * * *
Pikel freezes you.
* * * LOW HITPOINT WARNING * * *
You have got your breath back.
Pikel attacks as you move away!
Pikel hits you with a +0 whip of freezing.
* * * LOW HITPOINT WARNING * * *
Pikel freezes you.
* * * LOW HITPOINT WARNING * * *
There is an escape hatch in the ceiling here.
A mysterious force pulls you upwards. The hatch slams shut behind you.
Pikel attacks as you move away!
Pikel hits you with a +0 whip of freezing.
You die...

#############
#...........#
###.#########.#
######........# #.#
#..@K..#.####.# #.#
#######
#.###..#.####.####.#
.>....#
#.#.................
#####.#
#...(....####.......
#.# #......#.#
######.# #####.#
##...##.#.# #.#
......###
#....##.#.#########.#
.>......#
#....##.#...........#
####..#.#
#.≈..##.#..[.....###.


You could see Pikel.

Vanquished Creatures
  An orc priest (D:3)
  A gnoll (D:1)
  3 adders
  A worm (D:2)
  2 dart slugs (D:2)
  4 orcs (D:3)
  2 bats (D:3)
  9 endoplasms
  4 giant cockroaches
  6 goblins
  2 hobgoblins
  3 jackals (D:1)
  A kobold (D:1)
  14 ball pythons
  A frilled lizard (D:2)
  9 rats
63 creatures vanquished.

Notes
Turn   | Place    | Note
-------+----------+-------------------------------------------
     0 | D:1      | pokedragonboy the Naga Warper began the quest for the Orb.
     0 | D:1      | Reached XP level 1. HP: 19/19 MP: 3/3
   202 | D:1      | Reached skill level 1 in Armour
   202 | D:1      | Reached XP level 2. HP: 18/26 MP: 5/5
   537 | D:1      | Learned a level 2 spell: Blink
   544 | D:1      | Reached XP level 3. HP: 30/32 MP: 6/6
  1522 | D:2      | Reached XP level 4. HP: 36/40 MP: 7/7
  1541 | D:2      | Found Nantuetian's Magic Scroll Boutique.
  2116 | D:3      | Found a radiant altar of Vehumet.
  2125 | D:3      | Reached XP level 5. HP: 48/48 MP: 8/8
  2698 | D:3      | Learned a level 3 spell: Teleport Other
  2773 | D:4      | Noticed Pikel
  2773 | D:4      | Noticed a lemure
  2774 | D:4      | Noticed a lemure
  2775 | D:4      | Noticed a lemure
  2775 | D:4      | Noticed a lemure
  3014 | D:4      | Found Kissil's Antique Weapon Boutique.
  3022 | D:4      | Found a transporter.
  3046 | D:4      | HP: 2/48 [Pikel/+0 whip of freezing (1)]
  3052 | D:3      | Slain by Pikel

Illustrated notes

Levels and vault maps discovered:
D:1:      dpeg_arrival_three_bigger_balls, layout_basic
D:2:      layout_basic, serial_shops, nicolae_shop_behind_doors,
          amcnicky_mini_pool_small
D:3:      layout_loops_ring, mainiacjoe_overflow_boulevard
D:4:      layout_basic, gammafunk_ghost_stat_death, serial_shops,
          nicolae_shop_advertising_works [nicolae_subvault_shop_adworks],
          uniq_pikel

Skill      XL: |  1  2  3 |
---------------+----------+-----
Armour         | 1 |  1.4
Polearms       | 3 |  3.6
Fighting       | |  2.9
Throwing       | |  0.8
Dodging        | |  1.9
Spellcasting   | |  2.0
Translocations | |  3.6

Action                     |  1- 3 |  4- 6 || total
---------------------------+-------+-------++-------
  Melee: Spear             |   129 |    65 ||   194
         Punch             |     3 |       ||     3
   Cast: Blink             |     1 |     1 ||     2
Ability: Spit Poison       |    14 |     6 ||    20
    Use: Scroll            |     2 |     2 ||     4
         Potion            |       |     2 ||     2
   Stab: Sleeping          |     1 |     1 ||     2
 Armour: Leather armour    |    13 |     6 ||    19
  Dodge: Dodged            |    44 |    25 ||    69

Table legend: (Time is in decaauts)
 A = Elapsed time spent in this place.
 B = Non-inter-level travel time spent in this place.
 C = Inter-level travel time spent in this place.
 D = Time resting spent in this place.
 E = Time spent auto-exploring this place.
 F = Levels seen in this place.
 G = Mean time per level.
                   A        B        C        D        E       F      G
               +--------+--------+--------+--------+--------+-----+--------+
         Total |   3939 |   3735 |    204 |    201 |   2936 |   4 |  984.8 |
       Dungeon |   3939 |   3735 |    204 |    201 |   2936 |   4 |  984.8 |
               +--------+--------+--------+--------+--------+-----+--------+

Top non-repeatable levels by time:
     D:1: 1526 daAuts
     D:2: 1045 daAuts
     D:3: 992 daAuts
     D:4: 374 daAuts
